 Dungeon Crawl Stone Soup version 0.27-a0-1347-gd8886f0a89 (webtiles) character file.

Game seed: 7305951465588451324

572 HoaS the Twirler (level 7, 0/60 HPs)
             Began as a Gargoyle Gladiator on June 27, 2021.
             Was a Follower of Okawaru.
             Slain by an orc wizard (3 damage)
             ... on level 5 of the Dungeon.
             The game lasted 00:07:53 (4196 turns).

HoaS the Twirler (Gargoyle Gladiator)               Turns: 4196, Time: 00:07:54

Health: 0/60       AC: 14    Str: 20    XL:     7   Next: 34%
Magic:  9/9        EV:  8    Int:  8    God:    Okawaru [*.....]
Gold:   130        SH:  0    Dex: 11    Spells: 6/6 levels left

rFire    . . .     SeeInvis .   a - +0 quarterstaff
rCold    . . .     Faith    .   (shield currently unavailable)
rNeg     + . .     Spirit   .   q - +0 chain mail
rPois    ∞         Reflect  .   c - +1 helmet
rElec    +         Harm     .   (no cloak)
rCorr    .         Rampage  .   (no gloves)
Will     .....                  (no boots)
Stlth    ..........             (no amulet)
HPRegen  0.20/turn              (no ring)
MPRegen  0.11/turn              (no ring)

@: confused, berserking, very quick
A: sickness immunity, AC +4, negative energy resistance 1, electricity
resistance, torment resistance 1, petrification resistance
a: Renounce Religion, Heroism


You were on level 5 of the Dungeon.
You worshipped Okawaru.
Okawaru was aware of your devotion.
You visited 2 branches of the dungeon, and saw 6 of its levels.

You collected 130 gold pieces.

Inventory:

Hand Weapons
 a - a +0 quarterstaff (weapon)
Missiles
 d - a throwing net (quivered)
 e - 75 arrows
 l - 5 boomerangs
Armour
 c - a +1 helmet (worn)
 q - a +0 chain mail (worn)
Wands
 f - a wand of mindburst (16)
Scrolls
 g - a scroll of summoning
 j - 3 scrolls of teleportation
Potions
 b - a potion of brilliance {unknown}
 h - a potion of haste {unknown}
 i - 2 potions of curing {unknown}
 k - a potion of invisibility {unknown}
 n - a potion of attraction {unknown}
 o - a potion of heal wounds {unknown}
 p - a potion of flight {unknown}
 r - a potion of lignification {unknown}


   Skills:
 - Level 2.1 Fighting
 * Level 7.4 Staves
 - Level 2.0 Bows
 - Level 1.7 Throwing
 - Level 2.4 Dodging
 + Level 2.6 Invocations


You had 6 spell levels left.
You didn't know any spells.
Your spell library was empty.

Dungeon Overview and Level Annotations

Branches:
Dungeon (5/15)             Temple (1/1) D:4

Altars:
Ashenzari
Cheibriados
Dithmenos
Elyvilon
Gozag
Hepliaklqana
Kikubaaqudgha
Nemelex Xobeh
Okawaru
Qazlal
Ru
Sif Muna
Wu Jian
Xom
Yredelemnul

Shops:
D:5 (

Annotations:
D:3 3 runed translucent doors, sanka's ghost, amateur DjMo


Innate Abilities, Weirdness & Mutations

You are immune to sickness and miasma.
Your stone body is resilient. (AC +4)
You are immune to poison.
You resist negative energy. (rN+)
You are resistant to electric shocks. (rElec)
You are resistant to unholy torment.
You are immune to petrification.


Message History

You hit the orc wizard.
The orc wizard is almost dead.
You hear some strange, mumbled words.
You are confused.
The orc wizard hits you but does no damage. x2
You sock the orc wizard!
You kill the orc wizard!
Okawaru accepts your kill. Something hits you but does no damage.
The orc wizard gestures at you while chanting.
You are more confused.
You bump into the stone wall.
You hear some strange, mumbled words.
A magic dart appears from out of thin air!
The magic dart hits you but does no damage.
The orc wizard hits you but does no damage.
You bump into the stone wall.
Something hits you.
The orc wizard hits you but does no damage.
You completely miss something. Something hits you but does no damage.
The orc wizard hits you but does no damage.
You're too confused to move!
Something hits you but does no damage.
The orc wizard hits you but does no damage.
You hit something. Something hits you but does no damage.
The orc wizard hits you but does no damage.
You barely miss the orc wizard.
You hear some strange, mumbled words.
A puff of flame appears from out of thin air!
The puff of flame hits you!
* * * LOW HITPOINT WARNING * * *
The orc wizard mumbles some strange words.
The orc wizard flickers and vanishes!
You're too confused to move!
Something hits you but does no damage. Something hits you.
* * * LOW HITPOINT WARNING * * *
You're too confused to move!
Something hits you but does no damage. x2
A red film seems to cover your vision as you go berserk!
You feel yourself moving faster!
You feel mighty!
Something hits you but does no damage. x2
You miss something. Something hits you but does no damage. Something hits you.
You die...

#.... ##..... #......
##....^. #.....^.
####### ##.^.....
#..#{@## #......^.
#_.'{).## ##..^.^...
#..#....## #..#.....^
####.....# ##.##.^....
#..#.⌠.⌠.###..###..^..
#_)'..⌠......## ##....
#..#.⌠.⌠.#.### ##....
####.....#.# #.....
#....##.# #.....


There were no monsters in sight!

Vanquished Creatures
  3 scorpions
  A hound (D:5)
  3 iguanas (D:4)
  4 orc wizards (D:5)
  A hound skeleton (D:2)
  Robin (D:2)
  6 adders
  A white imp (D:5)
  An adder skeleton (D:3)
  4 dart slugs
  6 orcs
  4 ball pythons
  An endoplasm (D:2)
  2 giant cockroaches (D:1)
  16 goblins
  11 hobgoblins
  13 jackals
  5 quokkas
  4 bats
  5 frilled lizards
  5 kobolds
  4 rats
101 creatures vanquished.

Notes
Turn   | Place    | Note
-------+----------+-------------------------------------------
     0 | D:1      | HoaS the Gargoyle Gladiator began the quest for the Orb.
     0 | D:1      | Reached XP level 1. HP: 12/12 MP: 1/1
   248 | D:1      | Reached XP level 2. HP: 17/17 MP: 2/2
   686 | D:2      | Reached skill level 4 in Staves
   705 | D:2      | Reached XP level 3. HP: 19/21 MP: 3/3
   739 | D:2      | Reached XP level 4. HP: 12/26 MP: 4/4
   984 | D:2      | Noticed Robin
   998 | D:2      | Reached skill level 5 in Staves
  1023 | D:2      | Killed Robin
  1648 | D:2      | Reached XP level 5. HP: 26/30 MP: 5/5
  1792 | D:3      | Found a broken altar of Ashenzari.
  1912 | D:3      | Found an opulent altar of Gozag.
  2091 | D:3      | Found a hazy altar of Hepliaklqana.
  2215 | D:3      | Noticed sanka's ghost (amateur DjMo)
  2273 | D:3      | Found a runed translucent gate.
  2273 | D:3      | Found a runed translucent gate.
  2273 | D:3      | Found a runed translucent gate.
  2345 | D:3      | Found a faded altar of an unknown god.
  2566 | D:4      | Reached skill level 6 in Staves
  2777 | D:4      | Found a staircase to the Ecumenical Temple.
  2791 | Temple   | Entered the Ecumenical Temple
  2921 | Temple   | Became a worshipper of Warmaster Okawaru
  3040 | D:4      | Found a stormy altar of Qazlal.
  3182 | D:4      | Reached skill level 1 in Invocations
  3182 | D:4      | Reached XP level 6. HP: 26/35 MP: 6/6
  3414 | D:4      | Reached skill level 1 in Bows
  3672 | D:5      | Entered Level 5 of the Dungeon
  3813 | D:5      | Found Awka's Antique Weapon Boutique.
  3882 | D:5      | Reached skill level 7 in Staves
  3882 | D:5      | Reached XP level 7. HP: 26/40 MP: 8/8
  4022 | D:5      | Reached * piety under Okawaru
  4140 | D:5      | Found an ancient bone altar of Kikubaaqudgha.
  4157 | D:5      | Found a shimmering blue altar of Sif Muna.
  4193 | D:5      | HP: 2/40 [something (2)]
  4196 | D:5      | Slain by an orc wizard

Illustrated notes

Levels and vault maps discovered:
D:1:      mrwooster_arrival_statue_3, layout_loops_ring, minmay_tripent
D:2:      layout_rooms, hangedman_abyss_or_decor_stabs, minmay_distorted,
          uniq_robin
D:3:      layout_basic, worldfamousw_hep_ancestral_shrine,
          overflow_temple_1_default, ashenzari_conservatory_becter,
          shapermc_ecumenical_altar_mp_vishouse, gammafunk_ghost_icy
D:4:      layout_loops_cross, lemuel_crystal_altar,
          minmay_temple_entry_mini_moons, grunt_tough_drop
D:5:      layout_cave_pods, palyth_temple_overflow_mages, serial_shops, shop,
          minmay_holes
Temple:   nicolae_temple_figure_zero

Skill      XL: |  1  2  3  4  5  6  7 |
---------------+----------------------+-----
Staves         | 4 5 6 7 |  7.4
Invocations    | 1 2 |  2.6
Bows           | 1 2 |  2.0
Fighting       | |  2.1
Throwing       | |  1.7
Dodging        | |  2.4

Action                   |  1- 3 |  4- 6 |  7- 9 || total
-------------------------+-------+-------+-------++-------
Melee: Quarterstaff      |    83 |   263 |    51 ||   397
Throw: Throwing net      |       |     2 |       ||     2
Evoke: Wand              |       |       |     1 ||     1
  Use: Scroll            |       |     8 |       ||     8
       Potion            |       |       |     1 ||     1
 Stab: Distracted        |       |     1 |       ||     1
Armor: Leather armour    |    32 |    64 |       ||    96
       Ring mail         |       |    30 |       ||    30
       Chain mail        |       |    12 |    65 ||    77
Dodge: Dodged            |    42 |   166 |    18 ||   226

Table legend: (Time is in decaauts)
 A = Elapsed time spent in this place.
 B = Non-inter-level travel time spent in this place.
 C = Inter-level travel time spent in this place.
 D = Time resting spent in this place.
 E = Time spent auto-exploring this place.
 F = Levels seen in this place.
 G = Mean time per level.
                   A        B        C        D        E       F      G
               +--------+--------+--------+--------+--------+-----+--------+
         Total |   4204 |   4070 |    134 |   1043 |   2305 |   6 |  700.7 |
       Dungeon |   4064 |   3955 |    109 |   1043 |   2192 |   5 |  812.8 |
        Temple |    139 |    114 |     25 |      0 |    113 |   1 |  139.0 |
               +--------+--------+--------+--------+--------+-----+--------+

Top non-repeatable levels by time:
     D:2: 1006 daAuts
     D:4: 999 daAuts
     D:3: 850 daAuts
     D:1: 689 daAuts
     D:5: 519 daAuts
  Temple: 139 daAuts
